 Dungeon Crawl Stone Soup version 0.31-a0-845-g9abc20d24f (webtiles) character file.

Game seed: 3830594676633506191

177 arglypuff the Slasher (level 5, -3/41 HPs)
             Began as a Djinni Cinder Acolyte on Oct 1, 2023.
             Was a High Priest of Ignis.
             Killed from afar by a dart slug (5 damage)
             ... with a slug dart
             ... on level 3 of the Dungeon.
             The game lasted 00:02:59 (1429 turns).

arglypuff the Slasher (Djinni Cinder Acolyte)       Turns: 1429, Time: 00:02:59

Health: -3/41      AC:  2    Str: 13    XL:     5   Next: 87%
Gold:   121        EV: 12    Int: 18    God:    Ignis [*****.] SH:  5 Dex:  8

rFire   + + +        a - -1 falchion (flame)
rCold   x . .        (no shield)
rNeg    . . .        b - +0 robe
rPois   ∞            (no helmet)
rElec   .            (no cloak)
rCorr   .            (no gloves)
SInv    .            (boots unavailable)
Will    .....        f - amulet of reflection
Stlth   +            (no ring)
HPRegen 0.26/turn    (no ring)
MPRegen 0.00/turn

%: reflection, infuse magic (-4 HP)
@: flying
A: sickness immunity, fire resistance 2, cold vulnerability 1, float, innate
caster, HP casting, extra vitality 1
a: Renounce Religion, Fiery Armour, Foxfire Swarm, Rising Flame


You were on level 3 of the Dungeon.
You worshipped Ignis.
Ignis was extremely pleased with you.
You visited 1 branch of the dungeon, and saw 3 of its levels.

You collected 121 gold pieces.

Inventory:

Hand Weapons
 a - a -1 falchion of flaming (weapon)
Armour
 b - a +0 robe (worn)
Jewellery
 f - an amulet of reflection (around neck)
Scrolls
 d - 3 scrolls of identify {unknown}
 e - a scroll of silence {unknown}
 g - a scroll of revelation {unknown}
 j - 3 scrolls of blinking {unknown}
Potions
 c - 2 potions of resistance {unknown}
 h - a potion of brilliance {unknown}
 i - a potion of lignification {unknown}


   Skills:
 + Level 3.7 Fighting
 + Level 3.8 Long Blades
 + Level 2.2 Dodging
 + Level 0.6 Stealth
 + Level 0.3 Shields
 + Level 3.0 Spellcasting
 + Level 3.0 Conjurations
 + Level 3.0 Hexes
 + Level 3.0 Summonings
 + Level 3.0 Necromancy
 + Level 3.0 Translocations
 + Level 3.0 Transmutations
 + Level 3.0 Fire Magic
 + Level 3.0 Ice Magic
 + Level 3.0 Air Magic
 + Level 3.0 Earth Magic
 + Level 3.0 Poison Magic


You knew the following spells:

 Your Spells              Type           Power      Damage    Failure   Level
a - Scorch                Fire           26%        2d6       7%          2
b - Sandblast             Erth           26%        2d8       4%          1
c - Call Imp              Summ           26%        N/A       7%          2
Your spell library was empty.

Dungeon Overview and Level Annotations

Branches:
Dungeon (3/15)

Altars:

Shops:
D:1 (!


Innate Abilities, Weirdness & Mutations

You are immune to sickness and miasma.
You are immune to poison.
Your flesh is very heat resistant. (rF++)
You are vulnerable to cold. (rC-)
You float through the air rather than walking.
You learn spells naturally, not from books.
Your magical power is your life essence.
You have superior vitality. (+4 MHP)


Message History

Flames lash the ice beast.
The ice beast melts!
The ice beast is heavily wounded.
The dart slug launches a dart at you. The slug dart hits you.
Casting: Scorch (safe; 10% risk of failure)
Confirm with . or Enter, or press ? or * to list all spells.
Flames lash the ice beast.
The ice beast melts!
The ice beast is almost dead.
The ice beast barely misses you.
Casting: Scorch (safe; 10% risk of failure)
Confirm with . or Enter, or press ? or * to list all spells.
Flames lash the ice beast.
The ice beast is almost dead.
The ice beast hits you. The ice beast freezes you!!
You feel a terrible chill!
Ouch! That really hurt!
* * * LOW HITPOINT WARNING * * *
Casting: Scorch (safe; 10% risk of failure)
Confirm with . or Enter, or press ? or * to list all spells.
You don't have enough health to cast this spell.
You hit the ice beast.
You melt the ice beast.
You kill the ice beast!
Your Dodging skill increases to level 2!
Your Spellcasting skill increases to level 3!
Your Conjurations skill increases to level 3!
Your Hexes skill increases to level 3!
Your Summonings skill increases to level 3!
Your Necromancy skill increases to level 3!
Your Translocations skill increases to level 3!
Your Transmutations skill increases to level 3!
Your Fire Magic skill increases to level 3!
Your Ice Magic skill increases to level 3!
Your Air Magic skill increases to level 3!
Your Earth Magic skill increases to level 3!
Your Poison Magic skill increases to level 3!
You have reached level 5!
The power to cast Call Imp wells up from within.
Spell assigned to 'c'.
The dart slug launches a dart at you. The slug dart hits you.
You die...

.. # $.. .
..#.## ...w. .
#.#.
...#...#######.
..............>
#..@.......
..........#####
.####...#.#
.....#.#
##....# #
.....# ...#?##
....#.


You could see a dart slug.

Vanquished Creatures
  An ice beast (D:3)
  An adder (D:2)
  4 gnolls (D:2)
  An adder zombie (D:2)
  An adder skeleton (D:2)
  A dart slug (D:2)
  A bat (D:2)
  An endoplasm (D:2)
  2 giant cockroaches (D:1)
  2 goblins (D:2)
  4 hobgoblins
  3 kobolds
  A quokka (D:2)
  3 ball pythons
  A ball python skeleton (D:2)
  A frilled lizard (D:1)
  A quokka skeleton (D:2)
  A rat (D:2)
30 creatures vanquished.

Notes
Turn   | Place    | Note
-------+----------+-------------------------------------------
     0 | D:1      | arglypuff the Djinni Cinder Acolyte began the quest for the
                  | Orb.
     0 | D:1      | arglypuff set off with the following spells memorised:
                  | Scorch.
     0 | D:1      | Reached XP level 1. HP: 20/20 MP: 0/0
   143 | D:1      | Found a faded altar of an unknown god.
   204 | D:1      | Reached XP level 2. HP: 23/25 MP: 0/0
   284 | D:1      | Found Quwof's Antique Weapon Boutique.
   409 | D:1      | Found Soegacie's Distillery.
   578 | D:2      | Reached XP level 3. HP: 19/30 MP: 0/0
   578 | D:2      | Learned a level 1 spell: Sandblast
   848 | D:2      | Reached XP level 4. HP: 24/36 MP: 0/0
   855 | D:2      | Reached skill level 1 in Dodging
  1423 | D:3      | Noticed an ice beast
  1427 | D:3      | HP: 1/37 [ice beast (21)]
  1428 | D:3      | Killed an ice beast
  1429 | D:3      | Reached XP level 5. HP: 2/41 MP: 0/0
  1429 | D:3      | Learned a level 2 spell: Call Imp
  1429 | D:3      | Killed from afar by a dart slug

Illustrated notes

Levels and vault maps discovered:
D:1:      minmay_arrival_cross, layout_rooms, serial_shops, shop,
          nicolae_shop_real_fake_doors, ebering_ecumenical_altar_box,
          minmay_tetromino_t2
D:2:      layout_basic, serial_undead, serial_undead_c, serial_undead_e,
          serial_undead_b, serial_undead_d, chequers_serial_rivers_room_b
D:3:      layout_basic, grunt_temple_overflow_open

Skill      XL: |  1  2  3  4 |
---------------+-------------+-----
Long Blades    | 3 |  3.8
Dodging        | 2 |  2.2
Spellcasting   | 3 |  3.0
Conjurations   | 3 |  3.0
Hexes          | 3 |  3.0
Summonings     | 3 |  3.0
Necromancy     | 3 |  3.0
Translocations | 3 |  3.0
Transmutations | 3 |  3.0
Fire Magic     | 3 |  3.0
Ice Magic      | 3 |  3.0
Air Magic      | 3 |  3.0
Earth Magic    | 3 |  3.0
Poison Magic   | 3 |  3.0
Fighting       | |  3.7
Stealth        | |  0.6
Shields        | |  0.3

Action                     |  1- 3 |  4- 6 || total
---------------------------+-------+-------++-------
  Melee: Falchion          |    34 |     8 ||    42
         Punch             |     1 |       ||     1
   Cast: Scorch            |    17 |    14 ||    31
 Invoke: Fiery Armour      |     1 |       ||     1
 Armour: Robe              |    19 |    10 ||    29
  Dodge: Dodged            |    29 |    11 ||    40
  Block: Other             |     4 |     3 ||     7
         Reflection        |     2 |       ||     2

Table legend: (Time is in decaauts)
 A = Elapsed time spent in this place.
 B = Non-inter-level travel time spent in this place.
 C = Inter-level travel time spent in this place.
 D = Time resting spent in this place.
 E = Time spent auto-exploring this place.
 F = Levels seen in this place.
 G = Mean time per level.
                   A        B        C        D        E       F      G
               +--------+--------+--------+--------+--------+-----+--------+
         Total |   1434 |   1393 |     41 |      5 |   1226 |   3 |  478.0 |
       Dungeon |   1434 |   1393 |     41 |      5 |   1226 |   3 |  478.0 |
               +--------+--------+--------+--------+--------+-----+--------+

Top non-repeatable levels by time:
     D:2: 940 daAuts
     D:1: 488 daAuts
     D:3: 5 daAuts
